AoeStats
← cowabunga

Arabia

510540661Analyzed
1v1 RM · 1d ago on Oct 1, 2026· 37m 12s· 2 players
Game mode
Random Map
Map size
Tiny (2 player)
Population
200
Speed
Normal
Resources
Standard
Victory
Conquest
Starting age
Dark Age
Ending age
Imperial Age
RankedLock teamsTeams togetherTeam positionsShared explorationLock speedFull tech treeHidden civsTurbo modeCheats
Victory
Defeat
🇪🇸 Byzantines · Spain
962
+15
🇧🇪 Turks · Belgium
936
-15
cowabunga
11:24 Feudal Age
12:44 Wheelbarrow
12:07 Double-Bit Axe
17:12 Castle Age
19:25 Gold Mining
20:43 Loom
28:03 Stone Mining
29:44 Fletching
30:29 Bodkin Arrow
36:08 Imperial Age
35:57 Gold Shaft Mining
35:05 Horse Collar
35:36 Bow Saw
36:02 Bloodlines
35:52 Husbandry
36:09 Forging
adrisua88
10:59 Feudal Age
11:38 Double-Bit Axe
13:52 Loom
14:41 Fletching
15:00 Scale Barding Armor
17:47 Wheelbarrow
18:39 Forging
19:44 Scale Mail Armor
26:13 Castle Age
28:06 Bow Saw
27:54 Gold Mining
29:27 Gold Shaft Mining
28:59 Bodkin Arrow
29:15 Horse Collar
29:20 Elite Skirmisher
32:59 Hand Cart
34:43 Ballistics
36:05 Chain Barding Armor
Connection lost

Rejoining the realm…

Still unreachable

The connection could not be restored.

Session expired

The server has moved on; the page needs a fresh start.